 Dungeon Crawl Stone Soup version 0.23.2-40-g277498a001 (webtiles) character file.

Game seed: 5285441779576183602

5406 BinkBink the Spear-Bearer (level 10, -2/118 HPs)
             Began as a Demonspawn Gladiator on Sept 8, 2019.
             Was an Initiate of Qazlal.
             Succumbed to a queen ant's poison
             ... on level 9 of the Dungeon.
             The game lasted 00:22:01 (8694 turns).

BinkBink the Spear-Bearer (Demonspawn Gladiator)    Turns: 8694, Time: 00:22:01

Health: -2/118     AC: 18    Str: 21    XL:     10   Next: 40%
Magic:  6/10       EV: 21    Int: 10    God:    Qazlal [......]
Gold:   423        SH:  9    Dex: 17    Spells: 9/9 levels left

rFire    + . .     SeeInvis .   C - +10 trident of Attainder {pierce, Int+3}
rCold    + . .     Gourm    .   F - +0 shield
rNeg     . . .     Faith    .   M - +4 plate armour "Zuvy" {rElec rC+ Str+2 Int-4}
rPois    .         Spirit   +   (helmet restricted)
rElec    +         Reflect  .   p - +0 cloak
rCorr    +         Harm     .   (no gloves)
MR       .....                  (no boots)
Stlth    ..........             H - amulet of the acrobat
HPRegen  0.29/turn              j - ring of protection from fire
MPRegen  0.12/turn              w - ring of resist corrosion

@: berserking (expiring), lethally poisoned (-2 -> -85), acrobat, very quick
A: antennae 1, rugged brown scales 1, powered by pain 2, magic shield
a: Renounce Religion


You were on level 9 of the Dungeon.
You worshipped Qazlal.
Qazlal was noncommittal.
You were hungry.

You visited 2 branches of the dungeon, and saw 10 of its levels.

You collected 423 gold pieces.

Inventory:

Hand Weapons
 a - a +0 trident
 n - a +0 long sword
 o - a +2 quarterstaff of chaos
 C - the +10 trident of Attainder (weapon) {pierce, Int+3}
   (You found it on level 5 of the Dungeon)

   It inflicts extra damage upon your enemies.
   It affects your intelligence (+3).
Missiles
 d - 3 throwing nets (quivered)
Armour
 b - a +0 ring mail
 c - a +0 helmet
 p - a +0 cloak (worn)
 D - a +0 chain mail
 F - a +0 shield (worn)
 M - the +4 plate armour "Zuvy" (worn) {rElec rC+ Str+2 Int-4}
   (You found it on level 8 of the Dungeon)

   It affects your strength (+2).
   It affects your intelligence (-4).
   It protects you from cold.
   It insulates you from electricity.
Jewellery
 j - a ring of protection from fire (left hand)
 w - a ring of resist corrosion (right hand)
 B - an uncursed ring of wizardry
 H - an amulet of the acrobat (around neck)
 K - an uncursed ring of positive energy {unknown}
Wands
 v - a wand of flame (11)
 x - a wand of random effects (15)
 y - a wand of digging (6)
 E - a wand of scattershot (3)
 J - a wand of polymorph (6)
 L - a wand of paralysis (8)
Scrolls
 e - a scroll of enchant armour {unknown}
 i - 4 scrolls of teleportation {unknown}
 k - 2 scrolls of immolation {unknown}
 l - 3 scrolls of remove curse
 m - 8 scrolls of identify {unknown}
 s - 2 scrolls of amnesia {unknown}
 G - 2 scrolls of fear {unknown}
Potions
 g - 2 potions of agility {unknown}
 h - 2 potions of haste {unknown}
 q - a potion of degeneration {unknown}
 r - 2 potions of curing {unknown}
 t - 2 potions of invisibility {unknown}
 u - 2 potions of berserk rage
 z - 2 potions of lignification {unknown}
 A - a potion of might {unknown}
 I - a potion of ambrosia {unknown}
Comestibles
 f - 16 rations


   Skills:
 + Level 6.6 Fighting
 + Level 8.9(9.3) Polearms
 + Level 4.2(7.1) Staves
 + Level 1.8 Throwing
 + Level 5.3 Armour
 + Level 4.9 Dodging
 + Level 5.0 Stealth
 + Level 2.5 Shields


You had 9 spell levels left.
You didn't know any spells.
Your spell library contained the following spells:

 Spells                   Type           Power        Failure   Level  Hunger
 Beastly Appendage        Tmut           #.....       100%        1    ##.....
 Summon Small Mammal      Summ           #...         100%        1    ##.....
 Call Imp                 Summ           #.......     100%        2    ###....
 Call Canine Familiar     Summ           #.......     100%        3    ####...
 Summon Guardian Golem    Hex/Summ       #.......     100%        3    ####...
 Summon Ice Beast         Ice/Summ       #.......     100%        4    #####..
 Summon Lightning Spire   Summ/Air       #.......     100%        4    #####..
 Bolt of Magma            Conj/Fire/Erth #.........   100%        5    ######.
 Iskenderun's Battlesphe  Conj/Chrm      #.......     100%        5    ######.
 Venom Bolt               Conj/Pois      #.........   100%        5    ######.
 Iron Shot                Conj/Erth      #.........   100%        6    #######
 Orb of Destruction       Conj           #.........   100%        7    #######
 Spellforged Servitor     Conj/Summ      #.........   100%        7    #######


Dungeon Overview and Level Annotations

Branches:
Dungeon (9/15)             Temple (1/1) D:7            Lair (0/6) D:9
    Orc: D:9-12

Altars:
Ashenzari
Cheibriados
Elyvilon
Fedhas
Gozag
Hepliaklqana
Kikubaaqudgha
Makhleb
Nemelex Xobeh
Okawaru
Qazlal
Ru
Sif Muna
Trog
Uskayaw
Vehumet
Wu Jian
Xom
Yredelemnul
Zin
The Shining One

Shops:
D:7 ((


Innate Abilities, Weirdness & Mutations

You have a pair of small antennae on your head.
You are partially covered in rugged brown scales. (AC +1, +3% HP)
You sometimes gain power by taking damage.
When hurt, damage is shared between your health and your magic reserves.


Message History

You feel extremely sick. The queen ant stings you.
* * * LOW HITPOINT WARNING * * *
You are too berserk!
You hit the queen ant.
The queen ant is severely wounded.
* * * LOW HITPOINT WARNING * * *
You feel very sick.
You hit the queen ant.
The queen ant is severely wounded.
* * * LOW HITPOINT WARNING * * *
You feel very sick. The queen ant barely misses you.
* * * LOW HITPOINT WARNING * * *
You feel very sick.
You feel a strong urge to attack something.
* * * LOW HITPOINT WARNING * * *
You feel very sick.
Found a stone staircase leading down.
You die...

#... .. .# +.... >. .#
#.... . ..+ .....##.##
#.# .....> .....##.#.#
#....# ...#{#aa#
#....######.##†#a.aaa..
#...........a.##{#.#..#
#.........@.#.#{aa .# .
#............#.#aa. #
#...........#..#a.a.
#...........#.##...#.
#...........##. ...#..
#.......##..# #.
#.......##...# #.
#####.......###.#.. ..
#...........# #.##.# ##


You could see a queen ant and 2 worker ants.

Vanquished Creatures
  Erica (D:8)
  Sigmund (D:3)
  A yak (D:7)
  A human (D:7)
  3 hogs (D:7)
  Eustachio (D:5)
  2 soldier ants (D:9)
  An orc warrior (D:5)
  3 sky beasts
  A black bear (D:6)
  A necrophage (D:6)
  8 centaurs
  A phantom (D:6)
  A gnoll sergeant (D:5)
  A wyvern zombie (D:6)
  6 bullfrogs
  A water moccasin skeleton (D:9)
  2 scorpions
  A howler monkey (D:6)
  8 wights
  5 crimson imps
  A centaur zombie (D:8)
  2 bullfrog zombies
  A centaur skeleton (D:5)
  4 hounds
  3 jellies
  Crazy Yiuf (D:2)
  3 orc priests (D:4)
  2 bullfrog skeletons
  4 orc wizards
  Ijyb (D:4)
  Jessica (D:3)
  2 iguanas
  4 worker ants
  A hound zombie (D:7)
  A hound skeleton (D:6)
  A mummy (D:5)
  A gnoll (D:2)
  A worker ant zombie (D:5)
  10 adders
  4 shadow imps
  An ooze (D:1)
  An adder skeleton (D:4)
  4 dart slugs
  5 leopard geckos
  21 orcs
  10 giant cockroaches
  6 goblins
  7 hobgoblins
  9 jackals
  6 kobolds
  A quokka (D:7)
  A ball python (D:6)
  9 bats
  A frilled lizard (D:5)
  4 rats
184 creatures vanquished.

Vanquished Creatures (collateral kills)
  An orc wizard (D:4)
  An orc (D:4)
2 creatures vanquished.

Grand Total: 186 creatures vanquished

Notes
Turn   | Place    | Note
-------+----------+-------------------------------------------
     0 | D:1      | BinkBink the Demonspawn Gladiator began the quest for the
                  | Orb.
     0 | D:1      | Reached XP level 1. HP: 16/16 MP: 1/1
    88 | D:1      | Reached skill level 3 in Polearms
    88 | D:1      | Gained mutation: You sometimes gain a little power by
                  | taking damage. [demonic ancestry]
    88 | D:1      | Reached XP level 2. HP: 20/22 MP: 2/2
   204 | D:1      | Gained mutation: When hurt, damage is shared between your
                  | health and your magic reserves. [demonic ancestry]
   204 | D:1      | Reached XP level 3. HP: 26/27 MP: 3/3
   896 | D:2      | Reached XP level 4. HP: 31/34 MP: 4/4
  1047 | D:2      | Reached skill level 1 in Armour
  1215 | D:2      | Found a deep blue altar of Sif Muna.
  1216 | D:2      | Found an ancient bone altar of Kikubaaqudgha.
  1226 | D:2      | Found a radiant altar of Vehumet.
  1230 | D:2      | Identified Sif Muna's Papyrus of Changing
  1285 | D:2      | Found a runed translucent door.
  1286 | D:2      | Noticed Crazy Yiuf
  1467 | D:2      | Killed Crazy Yiuf
  1467 | D:2      | Reached skill level 4 in Polearms
  1467 | D:2      | Reached XP level 5. HP: 27/39 MP: 2/5
  1538 | D:3      | Noticed Sigmund
  1554 | D:3      | Killed Sigmund
  1554 | D:3      | Reached skill level 1 in Stealth
  1554 | D:3      | Reached XP level 6. HP: 12/47 MP: 2/6
  1958 | D:3      | Noticed Jessica
  1963 | D:3      | Reached skill level 1 in Staves
  1970 | D:3      | Killed Jessica
  2631 | D:4      | Noticed Ijyb
  2641 | D:4      | Killed Ijyb
  2700 | D:4      | Gained mutation: You sometimes gain power by taking damage.
                  | [demonic ancestry]
  2700 | D:4      | Reached XP level 7. HP: 52/52 MP: 7/7
  2750 | D:4      | HP: 1/52 [orc priest/divine providence (7)]
  3623 | D:4      | Found a glowing silver altar of Zin.
  3675 | D:5      | Entered Level 5 of the Dungeon
  3831 | D:5      | Got a blackened trident
  3832 | D:5      | Identified the +10 trident of Attainder {pierce, Int+3}
                  | (You found it on level 5 of the Dungeon)
  4061 | D:5      | Noticed Eustachio
  4432 | D:5      | Gained mutation: You are partially covered in rugged brown
                  | scales. (AC +1, +3% HP) [demonic ancestry]
  4432 | D:5      | Reached XP level 8. HP: 30/61 MP: 6/8
  4717 | D:5      | Reached skill level 5 in Polearms
  4778 | D:5      | Killed Eustachio
  5145 | D:5      | Found a snail-covered altar of Cheibriados.
  5195 | D:6      | Reached skill level 6 in Polearms
  5214 | D:6      | Reached skill level 5 in Fighting
  5469 | D:6      | Reached XP level 9. HP: 70/70 MP: 9/9
  5639 | D:6      | Found a sparkling altar of Nemelex Xobeh.
  5661 | D:6      | Found a burning altar of Makhleb.
  5799 | D:6      | Reached skill level 7 in Polearms
  5799 | D:6      | Reached skill level 1 in Shields
  6372 | D:7      | Found a staircase to the Ecumenical Temple.
  6384 | Temple   | Entered the Ecumenical Temple
  6739 | D:7      | Found a glowing golden altar of the Shining One.
  6798 | D:7      | Found a blossoming altar of Fedhas.
  6864 | D:7      | Reached skill level 8 in Polearms
  7115 | D:7      | Found a stormy altar of Qazlal.
  7229 | D:7      | Gained mutation: You have a pair of small antennae on your
                  | head. [demonic ancestry]
  7229 | D:7      | Reached XP level 10. HP: 73/78 MP: 8/10
  7244 | D:7      | Found a shattered altar of Ashenzari.
  7395 | D:7      | Found Yfaotippe's Weapon Shop.
  7417 | D:7      | Reached skill level 5 in Armour
  7521 | D:7      | Found Lemueza's Weapon Shoppe.
  7749 | D:8      | Noticed Erica
  7772 | D:8      | Killed Erica
  8077 | D:7      | Became a worshipper of Qazlal Stormbringer
  8396 | D:8      | Got a smoking plate armour
  8618 | D:8      | Identified the +4 plate armour "Zuvy" {rElec rC+ Str+2
                  | Int-4} (You found it on level 8 of the Dungeon)
  8638 | D:9      | Found a staircase to the Lair.
  8650 | D:9      | Reached skill level 5 in Stealth
  8662 | D:9      | Noticed a queen ant
  8693 | D:9      | HP: 2/118 [poisoned by a queen ant]
  8694 | D:9      | Succumbed to a queen ant's poison

Skill      XL: |  1  2  3  4  5  6  7  8  9 10 |
---------------+-------------------------------+-----
Polearms       | 3 4 6 8 |  8.9
Dodging        | 3 4 |  4.9
Armour         | 1 2 3 4 5 |  5.3
Fighting       | 3 5 6 |  6.6
Stealth        | 1 2 3 4 5 |  5.0
Staves         | 2 4 |  4.2
Shields        | 2 |  2.5
Throwing       | |  1.8

Action                   |  1- 3 |  4- 6 |  7- 9 | 10-12 || total
-------------------------+-------+-------+-------+-------++-------
Melee: Trident           |   118 |    58 |   240 |   105 ||   521
       Quarterstaff      |       |    79 |    57 |       ||   136
  Use: Potion            |       |       |     1 |     1 ||     2
       Scroll            |       |       |       |     1 ||     1
 Stab: Sleeping          |     3 |     5 |     9 |     3 ||    20
       Distracted        |       |       |     1 |       ||     1
  Eat: Chunk             |       |     6 |     7 |     5 ||    18
       Ration            |       |       |     2 |       ||     2
Armor: Leather armour    |    33 |    26 |    12 |       ||    71
       Chain mail        |       |       |    40 |       ||    40
       Ring mail         |       |       |    23 |     9 ||    32
       Plate armour      |       |       |       |    11 ||    11
Dodge: Dodged            |    68 |    76 |    91 |    15 ||   250
Block: Shield            |       |       |    37 |    30 ||    67
